 Dungeon Crawl Stone Soup version 0.28.0-43-g3370ac3207 (webtiles) character file.

Game seed: 17252517915811542920

135503 demenzo the Severer (level 16, -13/145 (157) HPs)
             Began as a Minotaur Cinder Acolyte on Mar 15, 2022.
             Was a Follower of Ignis.
             Mangled by Mara
             ... wielding a +0 demon trident of electrocution
              (24 damage)
             ... on level 3 of the Spider Nest.
             The game lasted 00:52:52 (34983 turns).

demenzo the Severer (Minotaur Cinder Acolyte)      Turns: 34983, Time: 00:52:53

HP:   -13/145 (157) AC: 29    Str: 25 (26) XL:     16   Next: 64%
MP:   16/16         EV: 19    Int: 11      God:    Ignis [*.....]
Gold: 2423          SH:  0    Dex: 18 (19) Spells: 17/17 levels left

rFire   + + .      SeeInvis .   a - +0 battleaxe (drain)
rCold   + . .      Faith    .   (shield currently unavailable)
rNeg    . . .      Spirit   .   G - +11 scale mail "Poorikh" {Harm rPois}
rPois   +          Reflect  .   Q - +0 hat {Will+}
rElec   +          Harm     +   m - +1 cloak
rCorr   +          Rampage  .   x - +0 pair of gloves
Will    ++...                   d - +1 pair of boots
Stlth   ..........              u - amulet of regeneration
HPRegen 1.14/turn               v - +6 ring of dexterity
MPRegen 0.15/turn               p - +6 ring of strength

@: mighty, resistant, drained
A: horns 2, retaliatory headbutt
a: Renounce Religion, Fiery Armour, Foxfire Swarm, Rising Flame


You were on level 3 of the Spider Nest.
You worshipped Ignis.
Ignis was aware of your devotion.
You visited 4 branches of the dungeon, and saw 26 of its levels.
You also visited: Volcano.

You collected 2880 gold pieces.
You spent 457 gold pieces at shops.

Inventory:

Hand Weapons
 a - a +0 battleaxe of draining (weapon)
 b - a +3 longbow of flaming
 e - a +1 vorpal battleaxe
 n - a -1 hand axe of flaming
Missiles
 g - 122 sling bullets
 h - 6 curare-tipped darts
 l - 9 atropa-tipped darts (quivered)
 t - 648 arrows
 J - 11 javelins
 Z - 14 poisoned darts
Armour
 d - a +1 pair of boots (worn)
 m - a +1 cloak (worn)
 x - a +0 pair of gloves (worn)
 G - the +11 scale mail "Poorikh" (worn) {Harm rPois}
   (You found it on level 5 of the Dungeon)

   rPois:     It protects you from poison.
   Harm:      It increases damage dealt and taken.
 M - the +0 pair of gloves of Gravity {rF- Regen+ Dex+5}
   (You found it on level 7 of the Dungeon)

   Dex:       It affects your dexterity (+5).
   rF:        It makes you vulnerable to fire.
   Regen:     It increases your rate of health regeneration.
 Q - a +0 hat of willpower (worn)
 S - a +2 plate armour of fire resistance
 W - a scarf of shadows
Magical Staves
 K - a staff of air
Jewellery
 i - a ring of ice
 p - a +6 ring of strength (right hand)
 u - an amulet of regeneration (around neck)
 v - a +6 ring of dexterity (left hand)
 T - an amulet of reflection
 Y - a ring of protection from fire
Wands
 c - a wand of paralysis (22)
 j - a wand of mindburst (3)
 k - a wand of flame (27)
 w - a wand of charming (3)
 y - a wand of polymorph (13)
 I - a wand of acid (11)
 R - a wand of iceblast (13)
Scrolls
 s - 3 scrolls of holy word
 A - 14 scrolls of teleportation
 E - 6 scrolls of blinking
 H - 2 scrolls of silence
 V - 2 scrolls of fog
Potions
 f - 13 potions of heal wounds
 o - 2 potions of degeneration
 q - a potion of ambrosia
 r - a potion of berserk rage
 z - 4 potions of magic
 B - a potion of invisibility
 C - 19 potions of curing
 D - 3 potions of haste
 F - 4 potions of flight
 N - a potion of resistance
 O - 3 potions of cancellation
 P - 2 potions of brilliance {unknown}
 U - 3 potions of might
 X - a potion of mutation {unknown}
Miscellaneous
 L - a tin of tremorstones (2/2)


   Skills:
 + Level 17.8 Fighting
 - Level 20.0 Axes
 + Level 17.4 Armour
 - Level 15.0 Dodging
 - Level 1.0 Spellcasting
 - Level 2.1 Fire Magic
 + Level 6.0 Evocations


You had 17 spell levels left.
You didn't know any spells.
Your spell library contained the following spells:

 Spells                   Type           Power      Damage    Failure   Level
 Scorch                   Fire           10%        2d5       34%         2
 Animate Skeleton         Necr           0%         N/A       50%         1
 Pain                     Necr           0%         1d4       50%         1
 Blink                    Tloc           0%         N/A       63%         2
 Dazzling Flash           Conj/Hex       0%         N/A       86%         3
 Lesser Beckoning         Tloc           0%         N/A       86%         3
 Vampiric Draining        Necr           0%         2d6       86%         3
 Iskenderun's Mystic Bla  Conj/Tloc      0%         2d3       99%         4
 Agony                    Necr           0%         N/A       100%        5
 Excruciating Wounds      Necr           0%         N/A       100%        5
 Manifold Assault         Tloc           0%         N/A       100%        5
 Starburst                Conj/Fire      1%         6d3       100%        6
 Storm Form               Tmut/Air       0%         N/A       100%        7


Dungeon Overview and Level Annotations

Branches:
Dungeon (15/15)            Temple (0/1) D:6            Lair (6/6) D:10
 Shoals (0/4) Lair:3       Spider (3/4) Lair:4        Slime (0/5) Lair:6
    Orc (2/2) D:12            Elf (0/3) Orc:2        Vaults (0/5) D:13
 Depths (0/4) D:15        Volcano (visited)

Altars:
Hepliaklqana
Ru
Uskayaw
Xom
Zin
Jiyva

Shops:
D:6 =   D:10 *   D:12 *   D:14 (   Orc:2 *![*

Portals:
Trove: D:13 (show abyssal rune of Zot)

Annotations:
Lair:3 1 runed translucent door, WaxSun's ghost, journeyman OgFE
Lair:5 2 transporters, Serogusm's ghost, journeyman CeAM
Spider:2 2 transporters, Sevoshil's ghost, journeyman DsIE
Spider:3 Mara


Innate Abilities, Weirdness & Mutations

You have a pair of horns on your head.
You reflexively headbutt those who attack you in melee.


Message History

You closely miss demenzo's illusion.
Unknown command.
You miss Mara. Your headbutt misses Mara.
Mara is almost dead.
You closely miss demenzo's illusion. Mara hits you but does no damage.
Demenzo's illusion hits you!!
* * * LOW HITPOINT WARNING * * *
You feel drained.
* * * LOW HITPOINT WARNING * * *
Unknown command.
Unknown command.
Unknown command.
Unknown command.
Unknown command.
Unknown command.
Unknown command.
Unknown command.
Unknown command.
Unknown command.
Unknown command.
Unknown command.
Unknown command.
You closely miss Mara.
Mara is almost dead.
You hit demenzo's illusion but do no damage.
Mara hits you but does no damage.
Demenzo's illusion completely misses you.
Unknown command.
Unknown command.
Unknown command.
Unknown command.
Unknown command.
Unknown command.
Unknown command.
You closely miss Mara.
Mara is almost dead.
You hit demenzo's illusion but do no damage.
You drain demenzo's illusion.
Mara hits you with a +0 demon trident of electrocution!!
You die...

#### ...# .#?#.#
####.....# #^#..#...#
##.^.....# ##........#
##.#@.......#
#..@R.#....## #^..#.#..###
##....#...# #####
###..†#...#### #...##
#.^..#......^#
^....########.....##....##
#.....^..##.#.....#...###
#..#.^..........###..^##


You could see Mara and demenzo's illusion (strong, drained).

Vanquished Creatures
  Saint Roka (Orc:1)
  Jorgrun (Spider:2)
  Gastronok (D:10)
  2 emperor scorpions
  A ghost moth (Spider:3)
  A broodmother (Spider:2)
  Nessos (D:14)
  An entropy weaver (Lair:4)
  3 spark wasps (Spider:1)
  A fire dragon (Volcano)
  An ettin (D:12)
  Erolcha (D:12)
  A great orb of eyes (D:15)
  10 hydras
  A jorogumo (Spider:3)
  2 radroaches
  7 boulder beetles
  5 centaur warriors
  An ogre mage (D:13)
  A catoblepas (Lair:1)
  2 tengu warriors
  A hell hog (Volcano)
  4 death yaks
  7 two-headed ogres
  An orc high priest (Orc:2)
  A pharaoh ant (Spider:2)
  2 sun moths (Spider:2)
  6 steelbarb worms
  A deep elf archer (D:13)
  6 orb spiders
  A lindwurm (Lair:6)
  An orc knight (Orc:2)
  5 deep elf pyromancers
  2 deep elf zephyrmancers (D:13)
  12 wolf spiders
  6 manticores
  A faun (shapeshifter) (D:15)
  6 orc sorcerers
  4 cyclopes
  6 ugly things
  A moth of wrath (Spider:1)
  17 elephants
  A salamander (shapeshifter) (D:13)
  4 torpor snails
  3 gargoyles
  6 black mambas
  7 cane toads
  An unseen horror (D:13)
  4 komodo dragons
  A kobold demonologist (D:13)
  2 rime drakes
  4 demonic crawlers
  2 tengu conjurers (D:13)
  5 yaktaurs
  4 hornets (Lair:6)
  4 polar bears
  4 tarantellas
  14 meliai
  20 blink frogs
  6 trolls
  Grinder (D:3)
  7 dream sheep (Lair:6)
  17 slime creatures
  16 jumping spiders
  11 spriggans (Lair:6)
  3 wraiths
  2 shadows
  3 wyverns
  58 yaks
  7 culicivoras
  3 vampires
  6 fire bats (Volcano)
  33 redbacks
  10 basilisks
  3 steam dragons
  2 wargs
  4 vampire mosquitoes
  2 acid dragons
  16 water moccasins
  2 hell hounds (Volcano)
  7 black bears
  2 ice beasts
  23 orc warriors
  A black bear (shapeshifter) (D:15)
  2 necrophages
  32 wolves
  5 boggarts (Lair:6)
  11 ogres
  2 phantoms
  16 centaurs
  3 kobold brigands
  11 bullfrogs
  A gnoll sergeant (D:11)
  6 scorpions
  A water moccasin skeleton (D:6)
  7 killer bees
  10 wights
  2 electric eels (D:10)
  2 howler monkeys
  2 vampire bats (Lair:3)
  5 centaur zombies
  13 hounds
  Crazy Yiuf (D:2)
  23 orc priests
  2 centaur skeletons
  3 iguanas
  32 orc wizards
  A killer bee zombie (D:6)
  A hound zombie (D:5)
  A hound skeleton (D:4)
  2 howler monkey zombies
  2 howler monkey skeletons
  12 gnolls
  8 adders
  A shadow imp (D:5)
  2 white imps (D:6)
  An ufetubus (D:7)
  3 worms
  A dart slug (D:3)
  62 orcs
  13 bats
  6 endoplasms
  5 giant cockroaches
  7 goblins
  6 hobgoblins
  6 jackals (D:4)
  14 kobolds
  3 quokkas
  6 ball pythons
  3 rats
825 creatures vanquished.

Vanquished Creatures (others)
  20 foxfires (D:10)
  28 fungi
  28 plants
76 creatures vanquished.

Grand Total: 901 creatures vanquished

Notes
Turn   | Place    | Note
-------+----------+-------------------------------------------
     0 | D:1      | demenzo the Minotaur Cinder Acolyte began the quest for the
                  | Orb.
     0 | D:1      | Reached XP level 1. HP: 19/19 MP: 1/1
     7 | D:1      | Noticed a merfolk zombie
   257 | D:1      | Reached XP level 2. HP: 23/27 MP: 2/2
   301 | D:1      | Reached skill level 4 in Axes
   561 | D:1      | Reached skill level 1 in Armour
   771 | D:2      | Reached skill level 1 in Dodging
   823 | D:2      | Reached XP level 3. HP: 32/33 MP: 3/3
   914 | D:2      | Found a hide-covered altar of Uskayaw.
   989 | D:2      | Found a runed translucent door.
   990 | D:2      | Noticed Crazy Yiuf
  1248 | D:2      | Killed Crazy Yiuf
  1249 | D:2      | Reached XP level 4. HP: 30/40 MP: 4/4
  1483 | D:3      | Found a faded altar of an unknown god.
  1555 | D:3      | Reached skill level 5 in Axes
  1913 | D:2      | Reached XP level 5. HP: 37/47 MP: 5/5
  2148 | D:3      | Noticed Grinder
  2157 | D:3      | Killed Grinder
  2158 | D:3      | Reached skill level 5 in Fighting
  2158 | D:3      | Reached skill level 6 in Axes
  2158 | D:3      | Reached XP level 6. HP: 49/56 MP: 6/6
  2866 | D:4      | Reached XP level 7. HP: 35/61 MP: 7/7
  3292 | D:4      | Reached skill level 7 in Axes
  4007 | D:5      | Entered Level 5 of the Dungeon
  4028 | D:5      | Reached XP level 8. HP: 65/70 MP: 8/8
  4032 | D:5      | Reached skill level 8 in Axes
  4146 | D:5      | Identified the +11 scale mail "Poorikh" {Harm rPois}
  4548 | D:5      | Reached skill level 5 in Armour
  4834 | D:5      | Reached skill level 5 in Dodging
  4897 | D:5      | Reached skill level 9 in Axes
  5568 | D:6      | Reached XP level 9. HP: 78/79 MP: 9/9
  5581 | D:6      | Reached skill level 10 in Axes
  5662 | D:6      | Found a staircase to the Ecumenical Temple.
  5833 | D:6      | Found Ezas Nick's Jewellery Shoppe.
  6551 | D:7      | Reached skill level 11 in Axes
  6732 | D:7      | Identified the +0 pair of gloves of Gravity {rF- Regen+
                  | Dex+5}
  7801 | D:9      | Reached XP level 10. HP: 85/90 MP: 10/10
  8199 | D:9      | Found a sacrificial altar of Ru.
  8332 | D:9      | Noticed a manticore
  8338 | D:9      | Killed a manticore
  8558 | D:9      | Reached skill level 12 in Axes
  8730 | D:10     | Entered Level 10 of the Dungeon
  8730 | D:10     | Noticed a two-headed ogre
  8735 | D:10     | Killed a two-headed ogre
  8977 | D:10     | Noticed a two-headed ogre
  9186 | D:10     | Killed a two-headed ogre
  9292 | D:10     | Found Hudaseo's Elemental Accessories.
  9307 | D:10     | Noticed Gastronok
  9325 | D:9      | Reached skill level 13 in Axes
  9612 | D:10     | Killed Gastronok
  9613 | D:10     | Reached XP level 11. HP: 79/99 MP: 11/11
  9707 | D:10     | Bought a wand of iceblast (7) for 110 gold pieces
  9739 | D:10     | Found a staircase to the Lair.
  9749 | D:10     | Reached skill level 10 in Fighting
 10929 | D:11     | Found a glowing silver altar of Zin.
 10929 | D:11     | Found Zin's Purification Station.
 10937 | D:11     | Bought a potion of curing for 90 gold pieces
 11097 | Lair:1   | Entered Level 1 of the Lair of Beasts
 11262 | Lair:1   | Reached skill level 14 in Axes
 11729 | Lair:1   | Noticed a four-headed hydra
 11743 | Lair:1   | Killed a one-headed hydra
 11758 | Lair:1   | Reached skill level 10 in Armour
 13038 | Lair:2   | Noticed a six-headed hydra
 13041 | Lair:2   | Reached skill level 15 in Axes
 13041 | Lair:2   | Noticed a catoblepas
 13082 | Lair:1   | Killed a catoblepas
 13083 | Lair:1   | Reached XP level 12. HP: 46/110 MP: 12/12
 13333 | Lair:2   | Killed a three-headed hydra
 13529 | Lair:2   | Reached skill level 10 in Dodging
 13558 | Lair:2   | Noticed a four-headed hydra
 13567 | Lair:2   | Killed a one-headed hydra
 13900 | Lair:3   | Noticed a death yak
 13900 | Lair:3   | Noticed a death yak
 13900 | Lair:3   | Noticed a death yak
 13900 | Lair:3   | Noticed a death yak
 13948 | Lair:2   | Killed a death yak
 13990 | Lair:3   | Reached skill level 16 in Axes
 14004 | Lair:3   | Found a dark tunnel.
 14012 | Volcano  | Entered a volcano
 14050 | Volcano  | Noticed a fire dragon
 14059 | Volcano  | Killed a fire dragon
 14102 | Volcano  | Noticed a hell hog
 14117 | Volcano  | Killed a hell hog
 14448 | Lair:3   | Killed a death yak
 14458 | Lair:3   | Killed a death yak
 14467 | Lair:3   | Killed a death yak
 14662 | Lair:3   | Found a runed translucent door.
 14798 | Lair:3   | Found a staircase to the Shoals.
 14805 | Lair:3   | Reached XP level 13. HP: 117/119 MP: 13/13
 14961 | Lair:3   | Reached skill level 17 in Axes
 15438 | Lair:3   | Noticed WaxSun's ghost (journeyman OgFE)
 15750 | Lair:4   | Found a hole to the Spider Nest.
 16764 | Lair:5   | You fall into a shaft and drop 1 floor!
 16764 | Lair:6   | Entered Level 6 of the Lair of Beasts
 16784 | Lair:5   | Noticed Serogusm's ghost (journeyman CeAM)
 16922 | Lair:5   | Found a transporter.
 16965 | Lair:5   | Reached skill level 18 in Axes
 17200 | Lair:5   | Found a hazy altar of Hepliaklqana.
 17484 | Lair:5   | Found a transporter.
 18173 | Lair:6   | Found a staircase to the Slime Pits.
 18210 | Lair:6   | Reached XP level 14. HP: 125/130 MP: 14/14
 18770 | Lair:6   | Found a viscous altar of Jiyva.
 19912 | Lair:6   | Reached skill level 19 in Axes
 20743 | D:12     | Found a staircase to the Orcish Mines.
 20904 | D:12     | Noticed Erolcha
 20930 | D:12     | Killed Erolcha
 21307 | D:12     | Found Mahed's Overcharged Wands.
 22042 | D:13     | Identified the +7 quarterstaff of Delightful Offence
                  | {venom, Fragile rPois rN+++ Stlth+}
 22060 | D:13     | Found a portal to a secret trove of treasure.
 22951 | D:13     | Reached skill level 20 in Axes
 23475 | D:13     | Found a gate to the Vaults.
 24128 | D:14     | Noticed Nessos
 24133 | D:14     | Killed Nessos
 24134 | D:14     | Reached skill level 15 in Fighting
 24134 | D:14     | Reached XP level 15. HP: 141/141 MP: 15/15
 24538 | D:14     | Found Amyirev's Weapon Boutique.
 24719 | D:15     | Entered Level 15 of the Dungeon
 24765 | D:15     | Found a shimmering altar of Xom.
 24767 | D:15     | Found a shimmering altar of Xom.
 24767 | D:15     | Found a shimmering altar of Xom.
 24769 | D:15     | Found a shimmering altar of Xom.
 24769 | D:15     | Found a shimmering altar of Xom.
 25373 | D:15     | Reached skill level 15 in Armour
 26759 | D:15     | Found a staircase to the Depths.
 26998 | Orc:1    | Entered Level 1 of the Orcish Mines
 27765 | Orc:2    | Entered Level 2 of the Orcish Mines
 27781 | Orc:2    | Found a staircase to the Elven Halls.
 27816 | Orc:2    | Noticed Saint Roka
 28785 | Orc:1    | Killed Saint Roka
 29372 | Orc:2    | Reached skill level 1 in Evocations
 30132 | Orc:2    | Found Qunnibef's Armour Shop.
 30133 | Orc:2    | Found Wauhiten's Assorted Antiques.
 30134 | Orc:2    | Found Biofiec's Distillery.
 30137 | Orc:2    | Found Kaxkil's Assorted Antiques.
 30142 | Orc:2    | Bought a potion of degeneration for 17 gold pieces
 30142 | Orc:2    | Bought 2 potions of curing for 102 gold pieces
 30142 | Orc:2    | Bought a potion of curing for 51 gold pieces
 30143 | Orc:2    | Bought an inky potion for 27 gold pieces
 30143 | Orc:2    | Bought a scroll of identify for 60 gold pieces
 30511 | Spider:1 | Entered Level 1 of the Spider Nest
 31273 | Spider:1 | Reached skill level 15 in Dodging
 31273 | Spider:1 | Reached XP level 16. HP: 90/152 MP: 16/16
 33123 | Spider:2 | Noticed Jorgrun
 33149 | Spider:2 | Found a transporter.
 33150 | Spider:2 | Noticed Sevoshil's ghost (journeyman DsIE)
 33151 | Spider:2 | Found a transporter.
 33170 | Spider:2 | Killed Jorgrun
 33171 | Spider:2 | Reached skill level 5 in Evocations
 34955 | Spider:3 | Noticed Mara
 34960 | Spider:3 | Noticed demenzo's illusion
 34978 | Spider:3 | Noticed demenzo's illusion
 34983 | Spider:3 | Mangled by Mara

Illustrated notes

Levels and vault maps discovered:
D:1:      shiori_arrival_whats_in_store_for_you, layout_basic
D:2:      layout_rooms, basic_altar, interstate_on_off, uniq_crazy_yiuf_cottage
D:3:      minmay_wonky_spiral, layout_loops_cross,
          shapermc_ecumenical_altar_ellora, uniq_grinder
D:4:      layout_cave_pods, st_stairs_1
D:5:      layout_layer_cave
D:6:      layout_rooms, minmay_temple_entry_purple_smoke,
          minmay_shop_enchanted_jewellery
D:7:      layout_loops_corners
D:8:      layout_loops_ring, nicolae_wwwww, minmay_misc_feat_hallway,
          kennysheep_generic_room_10
D:9:      layout_basic, mainiacjoe_overflow_brackets
D:10:     layout_rooms, erik_lair_island, minmay_stone_trees_small,
          nicolae_elemental_shop, minmay_puff, uniq_gastronok
D:11:     layout_loops_cross, zin_purify
D:12:     layout_basic, david_orc_3, nicolae_shop_overcharged_wands,
          uniq_erolcha
D:13:     layout_loops_ring, hangedman_vaults_entry_quadrant_bands,
          trove_entry_hex_spiral
D:14:     layout_roguey, solitary_fountain, serial_shops, nicolae_diamond_shop,
          uniq_nessos
D:15:     gammafunk_enter_depths_forms, layout_grid_maze, xom_redecorated
Lair:1:   layout_cave_pods, grunt_forest_small_clearing_treed,
          grunt_megastairs_5
Lair:2:   layout_cellular_growth, lemuel_fruit_fields
Lair:3:   layout_regular_city, minmay_shoals_entry_centaurs,
          lightli_volcano_entry_magma_tube, ebering_ghost_reflecting_pool,
          roderic_batcave, grunt_megastairs_4
Lair:4:   layout_long_grid, nicolae_spider_entry_non_spiders, minivault_26
Lair:5:   layout_roguey, gammafunk_ghost_arena, basic_altar,
          chequers_serial_rivers_micro_d
Lair:6:   minmay_lair_end_enchanted_forest, layout_long_grid, slime_altar_1,
          kennysheep_basilisk_garden, lemuel_fruit_tree, grunt_megastairs_1
Spider:1: layout_spider_delve, nicolae_spider_bug_shape
Spider:2: layout_chambers, gammafunk_ghost_mausoleum, uniq_jorgrun
Spider:3: layout_spider_delve, uniq_mara
Orc:1:    layout_caves
Orc:2:    st_orc_mages, layout_caves, gauntlet_entry_generic, uniq_saint_roka

Skill      XL: |  1  2  3  4  5  6  7  8  9 10 11 12 13 14 15 16 |
---------------+-------------------------------------------------+-----
Axes           | 4 5 6 7 9 11 13 15 16 18 20 | 20.0
Armour         | 1 2 3 4 5 7 9 10 11 13 14 16 17 | 17.4
Dodging        | 1 2 3 4 5 7 8 9 11 12 13 15 | 15.0
Fighting       | 4 5 6 7 8 9 11 12 13 15 16 17 | 17.8
Evocations     | 2 6 |  6.0
Spellcasting   | |  1.0
Fire Magic     | |  2.1

Action                   |  1- 3 |  4- 6 |  7- 9 | 10-12 | 13-15 | 16-18 || total
-------------------------+-------+-------+-------+-------+-------+-------++-------
Melee: Hand axe          |    66 |   112 |       |    20 |    58 |       ||   256
       Headbutt          |    14 |    19 |    57 |   120 |   267 |    64 ||   541
       Punch             |       |     1 |     3 |       |       |       ||     4
       War axe           |       |    17 |   231 |       |       |       ||   248
       Broad axe         |       |       |    34 |       |       |       ||    34
       Battleaxe         |       |       |    19 |   419 |  1067 |   242 ||  1747
 Fire: Arbalest          |       |       |       |       |     3 |       ||     3
       Longbow           |       |       |       |       |    98 |    50 ||   148
Invok: Fiery Armour      |     1 |     2 |       |     4 |     3 |       ||    10
       Foxfire Swarm     |       |       |       |     1 |       |       ||     1
Evoke: Wand              |       |       |       |       |     2 |     1 ||     3
  Use: Scroll            |       |       |    11 |     9 |    10 |     2 ||    32
       Potion            |       |       |       |       |     2 |     2 ||     4
 Stab: Paralysed         |       |       |       |       |     2 |       ||     2
       Distracted        |       |       |       |       |     1 |       ||     1
Armor: Ring mail         |    11 |       |       |       |       |       ||    11
       Leather armour    |     3 |       |       |       |       |       ||     3
       Chain mail        |     7 |    70 |    97 |       |       |       ||   174
       Scale mail        |       |       |   122 |   246 |    41 |   110 ||   519
       Plate armour      |       |       |       |    31 |   457 |       ||   488
Dodge: Dodged            |    41 |    40 |   163 |   291 |   642 |   243 ||  1420
Block: Other             |       |       |       |    67 |   241 |    10 ||   318
       Reflection        |       |       |       |     1 |    12 |       ||    13
